 Dungeon Crawl Stone Soup version 0.30.1 (webtiles) character file.

Game seed: 16939819005271724132

51 safid the Chiller (level 3, -2/27 HPs)
             Began as a Merfolk Ice Elementalist on July 12, 2023.
             Slain by Ijyb
             ... wielding a +0 spectral club
              (4 damage)
             ... on level 3 of the Dungeon.
             The game lasted 00:02:57 (1965 turns).

safid the Chiller (Merfolk Ice Elementalist)        Turns: 1965, Time: 00:02:58

Health: -2/27      AC:  3    Str:  8    XL:     3   Next: 83%
Magic:  0/7        EV: 12    Int: 14    God:
Gold:   124        SH:  0    Dex: 14    Spells: 0/7 levels left

rFire   + . .        h - +0 whip (vamp)
rCold   . . .        (no shield)
rNeg    . . .        a - +0 robe
rPois   .            d - +0 helmet
rElec   .            (no cloak)
rCorr   .            (no gloves)
SInv    .            (no boots)
Will    .....        g - amulet of guardian spirit
Stlth   ++           (no ring)
HPRegen 0.24/turn    (no ring)
MPRegen 0.10/turn

%: guardian spirit
@: freezing walls, hasted, very quick
A: (nimble swimmer 2), mertail, dopey 1, fire resistance 1
a: no special abilities


You were on level 3 of the Dungeon.
You visited 1 branch of the dungeon, and saw 3 of its levels.

You collected 124 gold pieces.

Inventory:

Hand Weapons
 h - a +0 vampiric whip (weapon)
Armour
 a - a +0 robe (worn)
 d - a +0 helmet (worn)
Jewellery
 g - an amulet of guardian spirit (around neck)
Scrolls
 e - 2 scrolls of teleportation {unknown}
 i - a scroll of enchant weapon {unknown}
 k - a scroll of fear {unknown}
 l - 2 scrolls of blinking {unknown}
 m - a scroll of identify {unknown}
 n - a scroll of summoning {unknown}
Potions
 b - 2 potions of magic
 c - a potion of brilliance {unknown}
 f - a potion of haste
 j - a potion of mutation


   Skills:
 + Level 1.9 Fighting
 - Level 2.6 Dodging
 - Level 2.1 Stealth
 + Level 2.7 Spellcasting
 + Level 4.9 Ice Magic


You couldn't memorise any spells.
You knew the following spells:

 Your Spells              Type           Power      Damage    Failure   Level
a - Freeze                Ice            60%        1d7       3%          1
b - Frozen Ramparts       Ice            30%        1d5       9%          3
c - Ozocubu's Armour      Ice            15%        N/A       9%          3

Your spell library contained the following spells:

 Spells                   Type           Power      Damage    Failure   Level
 Summon Ice Beast         Ice/Summ       8%         N/A       63%         4


Dungeon Overview and Level Annotations

Branches:
Dungeon (3/15)

Altars:
Sif Muna

Annotations:
D:3 Ijyb


Innate Abilities, Weirdness & Mutations

((You are very nimble when in or above water. (Stealth+, EV+, Speed+++)))
Your lower body shifts to a powerful aquatic tail in water.
You are dopey. (Int -2)
Your flesh is heat resistant. (rF+)


Message History

The spell is quite dangerous to miscast (8% risk of failure)!
Continue anyway?
Casting: Frozen Ramparts (quite dangerous; 8% risk of failure)
Press: ? - help, Dir - look around, f - activate The walls around you are covered in ice.
The wall freezes Ijyb but does no damage.
Ijyb zaps a wand.
The puff of flame misses you.
The wall freezes Ijyb but does no damage.
You hit Ijyb.
Ijyb is lightly wounded.
The wall freezes Ijyb.
Ijyb hits you with a +0 spectral club.
You closely miss Ijyb.
Ijyb is moderately wounded.
The wall freezes the orc.
The wall freezes Ijyb but does no damage.
Ijyb hits you with a +0 spectral club.
You hit Ijyb but do no damage.
Ijyb is moderately wounded.
The wall freezes the bat. x2
You kill the bat!
The wall freezes the orc but does no damage.
The wall freezes the frilled lizard.
You kill the frilled lizard!
The wall freezes Ijyb but does no damage.
Ijyb hits you with a +0 spectral club.
You completely miss Ijyb.
Ijyb is moderately wounded.
The wall freezes the orc but does no damage.
The wall freezes the orc wizard but does no damage.
The wall freezes Ijyb but does no damage.
Ijyb zaps a wand.
The puff of flame hits you!
* * * LOW HITPOINT WARNING * * *
It was a potion of haste.
You feel yourself speed up.
The wall freezes Ijyb.
Ijyb hits you with a +0 spectral club.
* * * LOW HITPOINT WARNING * * *
The wall freezes the orc but does no damage.
It was a potion of mutation.
You feel extremely strange.
You feel resistant to heat.
You feel stupid.
The wall freezes Ijyb but does no damage.
Ijyb hits you with a +0 spectral club.
You die...

.#.##.# ... .#.##.##.#
#..o ...†#....# #.o
.........#####lo #
##...............#
......##.#####.#.
##.##.# .# #...
##.##.##.####.o#########
†..##.........og@.......
########.####..####.....
# #..# ### #.####..#
#.....).####.#
#####.......... ##
#..####...# .# #..# .#
.# #..#


You could see Ijyb, an orc wizard and an orc.

Vanquished Creatures
  2 worms
  An orc (D:2)
  2 ball pythons
  6 endoplasms
  2 giant cockroaches
  7 hobgoblins
  3 jackals (D:1)
  5 kobolds
  2 quokkas
  A bat (D:3)
  2 frilled lizards
  2 goblins (D:2)
  4 rats
39 creatures vanquished.

Notes
Turn   | Place    | Note
-------+----------+-------------------------------------------
     0 | D:1      | safid the Merfolk Ice Elementalist began the quest for the
                  | Orb.
     0 | D:1      | Reached XP level 1. HP: 13/13 MP: 3/3
   222 | D:1      | Reached XP level 2. HP: 20/20 MP: 1/5
   322 | D:1      | Reached skill level 1 in Fighting
   936 | D:2      | Reached XP level 3. HP: 25/26 MP: 0/6
  1241 | D:2      | Found a faded altar of an unknown god.
  1530 | D:2      | Found a shimmering blue altar of Sif Muna.
  1812 | D:3      | Learned a level 3 spell: Frozen Ramparts
  1816 | D:3      | Learned a level 3 spell: Ozocubu's Armour
  1951 | D:3      | Noticed Ijyb
  1965 | D:3      | Gained mutation: Your flesh is heat resistant. (rF+)
                  | [potion of mutation]
  1965 | D:3      | Gained mutation: You are dopey. (Int -2) [potion of
                  | mutation]
  1965 | D:3      | Slain by Ijyb

Illustrated notes

Levels and vault maps discovered:
D:1:      sevenhm_arrival_forest_fort_large_4, layout_rooms
D:2:      layout_basic, shapermc_ecumenical_altar_mp_ritualfount, basic_altar,
          hangedman_feature_mirror
D:3:      layout_loops_ring, vehumet_crystals,
          mainiacjoe_overflow_concentric_impassable, minmay_misc_feat_rows,
          uniq_ijyb

Skill      XL: |  1  2 |
---------------+-------+-----
Fighting       | 1 |  1.9
Dodging        | |  2.6
Stealth        | |  2.1
Spellcasting   | |  2.7
Ice Magic      | |  4.9

Action                     || total
---------------------------++-------
  Melee: Unarmed           ||     3
         Whip              ||    55
         Punch             ||     4
   Cast: Freeze            ||    50
         Frozen Ramparts   ||     1
    Use: Potion            ||     2
   Stab: Sleeping          ||     5
 Armour: Robe              ||    19
  Dodge: Dodged            ||    60
